Map: Bel'Shir Vestige LE (Void)

Players

Railgan

  • Race: Zerg Zerg
  • League: Grandmaster
  • Spawn Location: 5:00

Captnfingers - Winner!

  • Race: Protoss Protoss
  • League: Grandmaster
  • Spawn Location: 11:00

VOD

Have the link to the VOD?

Description

Time

  • Played on: March 4, 2017, 3:42 p.m.
  • Length: 9:07
Show
View Real Time Build Order
Export as new Build Order

Railgan Zerg 

Build Orders: Pool First 

Get SALT Encoding   

  12  0:02  Drone  
  13  0:12  Overlord  
  13  0:17  Drone  
  14  0:31  Drone x2  
  14  0:34  Drone  
  17  0:45  Drone  
  18  0:56  Drone  
  19  0:58  Extractor  
  19  1:00  Spawning Pool  
  17  1:07  Drone  
  18  1:17  Drone  
  19  1:22  Hatchery  
  18  1:28  Drone  
  19  1:38  Drone  
  20  1:48  Queen  
  20  1:49  Overlord  
  22  2:05  Metabolic Boost  
  22  2:09  Extractor, Zergling x2  
  22  2:11  Zergling x2  
  24  2:23  Drone  
  24  2:29  Hatchery  
  24  2:32  Queen  
  26  2:37  Drone  
  27  2:46  Queen  
  27  2:49  Drone  
  30  2:58  Drone x2  
  32  3:08  Overlord, Zergling x2  
  32  3:18  Drone x3  
  35  3:31  Drone x4  
  35  3:32  Drone  
  40  3:41  Overlord  
  40  3:42  Drone  
  40  3:45  Drone  
  42  3:51  Drone  
  42  3:55  Drone x2  
  45  3:58  Overlord  
  45  3:59  Drone  
  45  4:00  Drone  
  45  4:02  Drone  
  48  4:08  Roach Warren  
  47  4:11  Drone  
  47  4:12  Overlord  
  48  4:22  Zergling x10  
  53  4:25  Overlord  
  53  4:26  Overlord  
  52  4:47  Roach  
  52  4:48  Roach x8  
  72  4:53  Roach  
  72  4:55  Roach x3  
  72  4:57  Roach  
  80  5:02  Roach x2  
  80  5:04  Roach  
  80  5:06  Zergling x2  
  82  5:14  Roach  
  82  5:16  Roach x2  
  82  5:18  Zergling x4  
  86  5:30  Roach x2  
  86  5:33  Overlord x2  
  90  5:39  Spine Crawler  
  90  5:41  Zergling x2  
  90  5:51  Zergling x4  
  90  5:55  Zergling x20  
  101  5:57  Ravager  
  97  6:06  Zergling x10  
  99  6:17  Drone  
  92  6:18  Drone  
  92  6:19  Drone x4  
  93  6:27  Drone x3  
  93  6:28  Drone  
  95  6:39  Drone x6  
  94  6:45  Extractor  
  93  6:51  Zergling x2  
  92  7:03  Drone x2  
  92  7:04  Drone  
  92  7:05  Drone x5  
  98  7:09  Lair  
  98  7:11  Overlord  
  98  7:12  Drone  
  98  7:21  Overlord  
  96  7:24  Zergling x2  
  96  7:25  Zergling x18  
  96  7:29  Extractor  
  105  7:36  Overlord, Zergling x6  
  108  7:45  Overlord  
  108  7:47  Overlord, Zergling x4  
  110  7:57  Zergling x2  
  110  7:58  Zergling x12  
  116  8:00  Ravager x4  
  116  8:01  Ravager  
  119  8:09  Zergling x8  
  123  8:14  Zergling x2  
  123  8:15  Zergling x4  
  123  8:19  Roach x4  
  119  8:25  Zergling x2  
  106  8:27  Roach  
  106  8:29  Roach  
  105  8:35  Zergling x2  
  100  8:46  Roach  
  100  8:47  Roach x2, Zergling x10  
Show
View Real Time Build Order
Export as new Build Order

Captnfingers Protoss - Winner!

Build Orders: 1 Gate Expand 

Get SALT Encoding   

  12  0:01  Probe (Chrono Boost)  
  13  0:11  Probe (Chrono Boost)  
  14  0:20  Pylon  
  14  0:22  Probe (Chrono Boost)  
  15  0:38  Gateway, Probe (Chrono Boost)  
  16  0:48  Assimilator  
  16  0:49  Probe (Chrono Boost)  
  17  0:59  Probe (Chrono Boost)  
  18  1:10  Probe (Chrono Boost)  
  19  1:15  Pylon  
  19  1:21  Probe (Chrono Boost)  
  20  1:33  Nexus  
  20  1:37  Cybernetics Core  
  20  1:40  Probe (Chrono Boost)  
  20  1:45  Assimilator  
  21  1:51  Probe (Chrono Boost)  
  22  1:55  Pylon  
  23  2:01  Probe (Chrono Boost)  
  23  2:04  Pylon  
  23  2:12  Adept  
  23  2:14  Warp Gate, Probe (Chrono Boost)  
  26  2:26  Probe (Chrono Boost)  
  26  2:29  Twilight Council  
  27  2:37  Probe (Chrono Boost)  
  27  2:39  Adept  
  30  2:45  Probe (Chrono Boost)  
  30  2:48  Probe (Chrono Boost)  
  32  2:56  Robotics Facility  
  33  2:58  Probe (Chrono Boost)  
  33  3:06  Probe (Chrono Boost), Resonating Glaives  
  33  3:08  Adept  
  36  3:14  Probe (Chrono Boost)  
  37  3:24  Probe (Chrono Boost)  
  38  3:27  Gateway x2  
  40  3:37  Mothership Core (Chrono Boost)  
  40  3:40  Probe (Chrono Boost)  
  43  3:41  Warp Prism  
  43  3:42  Pylon  
  43  3:52  Probe (Chrono Boost)  
  44  3:59  Probe (Chrono Boost)  
  44  4:01  Gateway  
  45  4:06  Probe (Chrono Boost)  
  46  4:11  Probe (Chrono Boost)  
  46  4:16  Pylon  
  48  4:18  Probe (Chrono Boost)  
  48  4:24  Probe (Chrono Boost)  
  49  4:26  Adept x2  
  49  4:28  Probe (Chrono Boost)  
  54  4:36  Probe (Chrono Boost)  
  55  4:45  Nexus  
  55  4:46  Pylon  
  55  4:50  Adept x2  
  59  4:57  Probe (Chrono Boost)  
  59  4:59  Pylon, Immortal  
  63  5:12  Assimilator x2  
  63  5:17  Probe (Chrono Boost)  
  63  5:19  Probe (Chrono Boost)  
  65  5:28  Sentry x3  
  69  5:32  Pylon  
  69  5:42  Gateway  
  69  5:43  Gateway  
  69  5:45  Gateway, Immortal  
  69  5:47  Gateway  
  69  5:48  Gateway  
  69  5:59  Pylon  
  69  6:01  Pylon  
  69  6:05  Adept x2  
  69  6:09  Blink  
  69  6:21  Immortal  
  67  6:33  Adept x2  
  67  6:34  Adept  
  69  6:47  Adept x3  
  69  6:48  Adept  
  77  7:02  Nexus, Adept x4  
  77  7:04  Pylon  
  85  7:10  Pylon  
  85  7:20  Sentry x2  
  85  7:21  Sentry  
  91  7:23  Adept x2  
  91  7:24  Adept  
  91  7:26  Adept x2  
  91  7:29  Probe (Chrono Boost)  
  103  7:30  Probe (Chrono Boost)  
  103  7:32  Observer  
  104  7:38  Pylon  
  104  7:39  Pylon  
  104  7:41  Probe (Chrono Boost)  
  103  7:52  Adept  
  103  7:53  Adept  
  103  7:57  Stalker x5  
  117  8:02  Adept  
  115  8:16  Adept x2  
  101  8:34  Adept x2  
  101  8:35  Adept x3  
  97  8:43  Adept x6  
Tags
 
Add a new tag
Caveats
  • Supply blocks, unpowered buildings, or Contaminate may cause inaccurate times.
  • Supply counts are checked every 10 seconds.